 Dungeon Crawl Stone Soup version 0.27-a0-562-g0d39f094a4 (webtiles) character file.

Game seed: 6692810923862321616

20780 jasper the Unseen (level 12, -1/54 HPs)
             Began as a Spriggan Enchanter on Mar 9, 2021.
             Was a High Priest of Dithmenos.
             Slain by Jorgrun
             ... wielding a staff of earth
              (16 damage)
             ... on level 13 of the Dungeon.
             The game lasted 00:32:46 (18580 turns).

jasper the Unseen (Spriggan Enchanter)             Turns: 18580, Time: 00:32:47

Health: -1/54      AC:  3    Str:  4    XL:     12   Next: 48%
Magic:  23/26      EV: 25    Int: 22    God:    Dithmenos [*****.]
Gold:   1003       SH:  0    Dex: 15    Spells: 1/17 levels left

rFire    . . .     SeeInvis +   u - +2 dagger (drain)
rCold    + + .     Faith    .   (shield restricted)
rNeg     . . .     Spirit   .   R - +1 robe {rC+}
rPois    .         Reflect  .   (helmet restricted)
rElec    .         Harm     .   (no cloak)
rCorr    .         Rampage  .   (gloves unavailable)
Will     ++...                  (boots unavailable) Stlth ***+++++++
                                y - amulet of the acrobat
HPRegen  0.18/turn              g - +4 ring of evasion
MPRegen  0.20/turn              T - ring of Brawling {rC+ MP+9 SInv Stlth+}

@: confusing by touch, grasped by roots, wreathed by umbra, constricted, very
quick
A: very small, unfitting armour, see invisible, speed 3
a: Renounce Religion, Shadow Step, Shadow Form


You were on level 13 of the Dungeon.
You worshipped Dithmenos.
Dithmenos was extremely pleased with you.
You visited 1 branch of the dungeon, and saw 13 of its levels.

You collected 1003 gold pieces.

Inventory:

Hand Weapons
 a - a +1 dagger
 u - a +2 dagger of draining (weapon)
 z - the +10 morningstar of Pride {drain, rF+++ rN++ Dex-5}
   (You found it on level 6 of the Dungeon)

   A truly terrible weapon, it drains the life of those it strikes.
   It affects your dexterity (-5).
   It renders you almost immune to fire.
   It greatly protects you from negative energy.
 A - a +0 rapier
 F - a +2 scimitar of holy wrath
 K - a +0 dagger of venom
Missiles
 j - 5 datura-tipped darts
 m - 14 boomerangs
 s - 53 poisoned darts
 D - 2 throwing nets
Armour
 b - a +1 robe
 G - +0 acid dragon scales
 R - a +1 robe of cold resistance (worn)
 S - +0 steam dragon scales
Jewellery
 g - a +4 ring of evasion (left hand)
 x - a +4 ring of evasion
 y - an amulet of the acrobat (around neck)
 C - a ring of ice
 I - a ring of wizardry
 O - an amulet of magic regeneration
 P - a +6 ring of intelligence
 T - the ring of Brawling (right hand) {rC+ MP+9 SInv Stlth+}
   (You took it off an orc warrior on level 12 of the Dungeon)

   [ring of magical power]

   It protects you from cold.
   It affects your magic capacity (+9).
   It lets you see invisible.
   It makes you more stealthy.
 V - a +4 ring of evasion
 W - a ring of protection from fire
Wands
 q - a wand of polymorph (1)
 H - a wand of digging (5)
 J - a wand of random effects (44)
 N - a wand of acid (12)
Scrolls
 c - 2 scrolls of noise
 e - 2 scrolls of enchant weapon
 o - a scroll of fog
 r - a scroll of magic mapping
 t - 3 scrolls of teleportation
 v - 2 scrolls of enchant armour
 w - a scroll of fear
 B - a scroll of blinking
 X - 2 scrolls of identify
Potions
 d - a potion of might
 f - 9 potions of curing
 i - 2 potions of flight
 k - 5 potions of brilliance
 l - 5 potions of haste
 n - 4 potions of cancellation
 p - a potion of heal wounds
 E - 2 potions of degeneration
 L - 4 potions of mutation
 M - 2 potions of lignification
 Q - a potion of berserk rage
 U - a potion of magic {unknown}
 Y - a potion of invisibility {unknown}
Miscellaneous
 h - a phial of floods


   Skills:
 + Level 2.2 Fighting
 - Level 1.1 Short Blades
 - Level 12.2 Dodging
 * Level 19.8 Stealth
 - Level 3.0 Spellcasting
 - Level 12.2 Hexes
 - Level 3.0 Translocations
 - Level 5.0 Ice Magic
 + Level 2.4 Air Magic


You had one spell level left.
You knew the following spells:

 Your Spells              Type           Power      Damage    Failure   Level
a - Corona                Hex            60%        N/A       1%          1
b - Ensorcelled Hibernat  Hex/Ice        82%        N/A       1%          2
c - Confusing Touch       Hex            54%        N/A       1%          3
d - Tukima's Dance        Hex            54%        N/A       1%          3
e - Blink                 Tloc           N/A        N/A       5%          2
f - Silence               Hex/Air        17%        N/A       17%         5

Your spell library contained the following spells:

 Spells                   Type           Power      Damage    Failure   Level
 Magic Dart               Conj           12%        1d3       12%         1
 Slow                     Hex            54%        N/A       1%          2
 Cause Fear               Hex            27%        N/A       1%          4
 Dazzling Flash           Conj/Hex       60%        N/A       3%          3
 Metabolic Englaciation   Hex/Ice        20%        N/A       10%         5
 Gell's Gravitas          Tloc           8%         N/A       11%         3
 Call Imp                 Summ           3%         N/A       19%         2
 Mephitic Cloud           Conj/Pois/Air  6%         N/A       26%         3
 Yara's Violent Unravell  Hex/Tmut       15%        3d8       28%         5
 Conjure Flame            Conj/Fire      3%         6-21      36%         3
 Petrify                  Tmut/Erth      3%         N/A       77%         4
 Discord                  Hex            27%        N/A       99%         8


Dungeon Overview and Level Annotations

Branches:
Dungeon (13/15)            Temple (0/1) D:6            Lair (0/6) D:9
    Orc (0/2) D:10
 Vaults: D:13-14

Altars:
Dithmenos
Fedhas
Hepliaklqana
Makhleb
Qazlal
Ru
Sif Muna
Wu Jian
Xom
Beogh

Annotations:
D:11 3 runed translucent doors, ArcanElement's ghost, journeyman FoFi
D:13 Jorgrun


Innate Abilities, Weirdness & Mutations

You are very small and have problems with some larger weapons.
You are too small for most types of armour.
You have supernaturally acute eyesight. (SInv)
You cover ground extremely quickly. (Speed+++)


Message History

You hear coins being counted.
An interdimensional caravan has stopped on this level and set up a bazaar.
Hurry and find its entrance before they move on!
There is a stone staircase leading up here.
As you read the scroll of magic mapping, it crumbles to dust.
You feel aware of your surroundings.
You sensed 1 shop/portal.
As you read the scroll of teleportation, it crumbles to dust.
You feel strangely unstable.
You start waiting.
Your surroundings suddenly seem different.
Found an escape hatch in the floor.
Found a stone staircase leading up.
Jorgrun Earthshaker comes into view.
He is wielding a staff of earth and wearing a +2 robe of resistance. 3 yaks come into view.
Found a brass wand and a scroll of identify.
The helpless Jorgrun fails to defend himself.
You perforate Jorgrun like a sieve!!!! You drain Jorgrun!
Jorgrun is severely wounded.
Your shadow hits Jorgrun but does no damage.
Jorgrun hits you but does no damage. Jorgrun shatters you!
You take 11 damage, and have 43/54 hp.
MASSIVE DAMAGE!!
Casting: Confusing Touch (safe; 1% risk of failure)
Confirm with . or Enter, or press ? or * to list all spells.
Your hands begin to glow red.
Jorgrun completely misses you.
You now have 23/26 mp.
You closely miss Jorgrun.
Jorgrun is severely wounded.
You hit Jorgrun but do no damage.
Jorgrun is severely wounded.
Jorgrun casts a spell at you.
Roots burst forth from the earth!
The grasping roots grab you! The grasping roots constrict you!
The yak bellows!
You hear a bellow!
The yak bellows!
You take 13 damage, and have 31/54 hp.
MASSIVE DAMAGE!!
You hit Jorgrun but do no damage.
Jorgrun is severely wounded.
You hear a bellow!
You hear a shout!
A centaur warrior skeleton comes into view.
Jorgrun hits you with a staff of earth!
* * * LOW HITPOINT WARNING * * *
You die...

****** #**** ,,,,,* #.,,***
****,* #..,,,***************
****,**#*<..,,,,,,,,,,,,,,,,*
,,,,,,,....#.######*******,,*
,,,,,,,.<.>.....@g# *,,*
****,**###.######.#*******,,*
***,*****,* *...>,,,,,,,*****
*,,,,,,,,,* *YY##****,,,,,,,,
*,*,******* **Z..** **,,*****
*,*,**,,,* **,Y.#.*****,,*
**,*,,,,,,* **,*...?.,,**,,*
,,,****,,,* *,**..#*#.,**,,*
**** **,** **,*,***,*,**,,*


You could see Jorgrun (drained), 3 yaks and a centaur warrior skeleton.

Vanquished Creatures
  A hydra (D:12)
  Fannar (D:11)
  2 boulder beetles
  A centaur warrior (D:11)
  2 two-headed ogres (D:8)
  An unseen horror (D:12)
  An orc knight (D:12)
  3 ugly things (D:12)
  Pikel (D:7)
  4 cyclopes
  4 centaur zombies
  Maggie (D:7)
  2 kobold demonologists (D:12)
  Grinder (D:4)
  Prince Ribbit (D:9)
  A meliai zombie (D:12)
  2 slime creatures (D:12)
  A wyvern (D:9)
  2 wraiths (D:12)
  2 yaks
  Eustachio (D:6)
  2 steam dragons (D:12)
  A vampire mosquito (D:12)
  A soldier ant (D:10)
  An acid dragon (D:12)
  Duvessa (D:4)
  A water moccasin (D:10)
  3 ice beasts
  An eye of draining (D:12)
  6 sky beasts
  3 black bears
  10 orc warriors
  6 ogres
  13 centaurs
  A lemure (D:7)
  4 phantoms
  3 kobold brigands
  6 bullfrogs
  A wyvern zombie (D:12)
  Dowan (D:4)
  3 scorpions
  7 killer bees (D:10)
  12 wights
  2 howler monkeys
  2 bullfrog zombies
  A quasit (D:12)
  2 bullfrog skeletons
  7 hounds
  A jelly (D:12)
  A gnoll shaman (D:8)
  5 orc priests
  2 centaur skeletons
  5 iguanas
  9 orc wizards
  7 worker ants
  A killer bee zombie (D:9)
  A worker ant zombie (D:6)
  7 gnolls
  14 adders
  2 white imps
  An ufetubus (D:6)
  An ooze (D:1)
  4 worms
  A dart slug (D:1)
  6 leopard geckos
  55 orcs
  13 bats
  7 giant cockroaches
  9 goblins
  4 hobgoblins
  10 jackals
  17 kobolds
  7 quokkas
  2 ball pythons
  5 frilled lizards
  A jackal zombie (D:6)
  2 leopard gecko skeletons
  12 rats
348 creatures vanquished.

Vanquished Creatures (others)
  A dancing weapon (D:12)
  5 plants (D:6)
6 creatures vanquished.

Grand Total: 354 creatures vanquished

Notes
Turn   | Place    | Note
-------+----------+-------------------------------------------
     0 | D:1      | jasper the Spriggan Enchanter began the quest for the Orb.
     0 | D:1      | Reached XP level 1. HP: 9/9 MP: 5/5
   171 | D:1      | Reached XP level 2. HP: 5/13 MP: 3/6
   185 | D:1      | Learned a level 2 spell: Ensorcelled Hibernation
   572 | D:1      | Reached skill level 5 in Stealth
  1122 | D:1      | Reached XP level 3. HP: 15/16 MP: 5/8
  2411 | D:2      | Learned a level 3 spell: Confusing Touch
  2445 | D:2      | Reached XP level 4. HP: 21/21 MP: 9/9
  2449 | D:2      | Learned a level 3 spell: Tukima's Dance
  2525 | D:2      | Reached skill level 6 in Stealth
  3310 | D:2      | Found a shimmering blue altar of Sif Muna.
  3925 | D:3      | Reached skill level 5 in Hexes
  4090 | D:3      | Reached XP level 5. HP: 24/24 MP: 7/10
  4623 | D:3      | Reached skill level 7 in Stealth
  5013 | D:4      | Found a shadowy altar of Dithmenos.
  5013 | D:4      | Noticed a phantom
  5051 | D:4      | Killed a phantom
  5052 | D:4      | Reached XP level 6. HP: 14/28 MP: 7/11
  5250 | D:4      | Reached skill level 8 in Stealth
  5461 | D:4      | Noticed Grinder
  5479 | D:4      | Killed Grinder
  5480 | D:4      | Reached skill level 5 in Dodging
  5480 | D:4      | Reached skill level 9 in Stealth
  5480 | D:4      | Reached XP level 7. HP: 16/32 MP: 9/12
  5671 | D:4      | Found a glowing drain.
  5773 | D:4      | Noticed Duvessa
  5773 | D:4      | Noticed Dowan
  5787 | D:4      | Killed Duvessa
  5792 | D:4      | Killed Dowan
  6154 | D:5      | Entered Level 5 of the Dungeon
  6481 | D:5      | Reached skill level 10 in Stealth
  6481 | D:5      | Reached XP level 8. HP: 36/36 MP: 13/13
  6705 | D:4      | Became a worshipper of Dithmenos the Shadowed
  7867 | D:6      | Reached skill level 11 in Stealth
  8311 | D:6      | Reached * piety under Dithmenos
  8477 | D:6      | Identified the +10 morningstar of Pride {drain, rF+++ rN++
                  | Dex-5}
  8509 | D:6      | Noticed Eustachio
  8512 | D:6      | Killed Eustachio
  8520 | D:6      | Found a staircase to the Ecumenical Temple.
  8556 | D:6      | Found an ornate altar of the Wu Jian Council.
  8818 | D:6      | Reached skill level 12 in Stealth
  8818 | D:6      | Reached XP level 9. HP: 39/39 MP: 14/14
  8932 | D:6      | Found a blossoming altar of Fedhas.
  9176 | D:7      | Found a burning altar of Makhleb.
  9177 | D:7      | Found a shimmering altar of Xom.
  9178 | D:7      | Found a hazy altar of Hepliaklqana.
  9179 | D:7      | Noticed Pikel
  9188 | D:7      | Killed Pikel
  9189 | D:7      | Reached skill level 10 in Hexes
  9396 | D:7      | Noticed Maggie
  9415 | D:7      | Killed Maggie
  9416 | D:7      | Reached skill level 13 in Stealth
  9783 | D:7      | Found a sacrificial altar of Ru.
  9973 | D:8      | Noticed a two-headed ogre
  9994 | D:8      | Killed a two-headed ogre
 10200 | D:8      | Reached skill level 14 in Stealth
 10337 | D:8      | Identified the +9 trident of Fitios {venom, +Rage rN+}
 10347 | D:8      | Reached XP level 10. HP: 44/44 MP: 15/15
 10628 | D:8      | Noticed a two-headed ogre
 10635 | D:8      | Killed a two-headed ogre
 10995 | D:9      | Reached ** piety under Dithmenos
 11315 | D:9      | Noticed Prince Ribbit
 11324 | D:9      | Killed Prince Ribbit
 11372 | D:9      | Found a staircase to the Lair.
 11514 | D:9      | Reached skill level 15 in Stealth
 12034 | D:9      | Learned a level 2 spell: Blink
 12052 | D:9      | Found a stormy altar of Qazlal.
 12203 | D:9      | Reached skill level 1 in Translocations
 12631 | D:9      | Reached skill level 1 in Ice Magic
 12807 | D:10     | Entered Level 10 of the Dungeon
 12919 | D:10     | Reached skill level 10 in Dodging
 13268 | D:10     | Reached *** piety under Dithmenos
 13499 | D:10     | Reached skill level 16 in Stealth
 13506 | D:10     | Reached XP level 11. HP: 22/47 MP: 5/16
 13852 | D:10     | Found a staircase to the Orcish Mines.
 14010 | D:11     | Noticed a boulder beetle
 14024 | D:11     | Killed a boulder beetle
 14231 | D:11     | Noticed a centaur warrior
 14255 | D:11     | Killed a centaur warrior
 14405 | D:11     | Noticed ArcanElement's ghost (journeyman FoFi)
 14409 | D:11     | Noticed a minotaur
 14411 | D:11     | Noticed a cyan ugly thing
 14426 | D:11     | Found a runed translucent gate.
 14426 | D:11     | Found a runed translucent gate.
 14426 | D:11     | Found a runed translucent gate.
 14528 | D:11     | Noticed Fannar
 14543 | D:11     | Killed Fannar
 14544 | D:11     | Reached skill level 17 in Stealth
 15550 | D:11     | You fall into a shaft and drop 1 floor!
 16082 | D:12     | Noticed a white ugly thing
 16086 | D:12     | Reached **** piety under Dithmenos
 16087 | D:12     | Noticed a brown ugly thing
 16093 | D:12     | Killed a brown ugly thing
 16096 | D:12     | Reached skill level 18 in Stealth
 16104 | D:12     | Killed a white ugly thing
 16846 | D:12     | Identified the ring of Brawling {rC+ MP+9 SInv Stlth+}
 16860 | D:12     | Noticed a brown ugly thing
 17015 | D:12     | Noticed an unseen horror
 17048 | D:12     | Reached XP level 12. HP: 51/51 MP: 17/17
 17100 | D:12     | Noticed a boulder beetle
 17122 | D:12     | Killed a boulder beetle
 17123 | D:12     | Reached skill level 19 in Stealth
 17191 | D:12     | Identified a scroll of acquirement
 17191 | D:12     | Acquired a book of Hexes
 17199 | D:12     | Learned a level 5 spell: Silence
 17218 | D:12     | Reached skill level 5 in Ice Magic
 17327 | D:12     | Reached skill level 1 in Fighting
 17327 | D:12     | Reached skill level 1 in Air Magic
 17430 | D:12     | Noticed a seven-headed hydra
 17431 | D:12     | Killed a seven-headed hydra
 17767 | D:12     | Reached ***** piety under Dithmenos
 18574 | D:13     | Noticed Jorgrun
 18580 | D:13     | Slain by Jorgrun

Illustrated notes

Levels and vault maps discovered:
D:1:      lemuel_arrival_lava_pool, layout_rooms, st_stairs_11
D:2:      layout_basic, nicolae_sif_muna_little_library
D:3:      layout_basic
D:4:      layout_basic, grunt_dithmenos_shadows, portal_sewer_entry_f,
          uniq_grinder, uniq_duvessa
D:5:      layout_layer_cave
D:6:      minmay_general_purpose_star, layout_loops_ring,
          fedhas_altar_decomposition, minmay_temple_entry_antechambers,
          basic_altar, bh_walls_and_bars, uniq_eustachio
D:7:      layout_gridville, chequers_temple_overflow_statue_of_worship,
          nicolae_ru_awakened_eye, uniq_maggie, uniq_pikel
D:8:      layout_rooms, hangedman_abyss_or_decor_clamps
D:9:      layout_basic, old_standard_altar, david_lair_generic, centaur_isle,
          uniq_prince_ribbit1
D:10:     layout_irregular_city, orc_0_dummy, columned_hall_lemuel
D:11:     layout_layer_cave, special_room [special_room_orc],
          maelrawn_ghost_gauntlet_escape, uniq_fannar
D:12:     minmay_imperfect_grid, layout_loops_corners, hangedman_misty_isle
D:13:     layout_loops_ring, serial_shops, bzr_entry_gold, uniq_jorgrun

Skill      XL: |  1  2  3  4  5  6  7  8  9 10 11 12 |
---------------+-------------------------------------+-----
Dodging        | 3 4 5 6 7 8 10 11 12 | 12.2
Hexes          | 4 5 6 7 9 11 12 | 12.2
Stealth        | 5 6 7 9 10 12 14 16 18 19 | 19.8
Spellcasting   | 3 |  3.0
Translocations | 3 |  3.0
Ice Magic      | 2 4 5 |  5.0
Fighting       | 2 |  2.2
Air Magic      | 2 |  2.4
Short Blades   | |  1.1

Action                   |  1- 3 |  4- 6 |  7- 9 | 10-12 || total
-------------------------+-------+-------+-------+-------++-------
Melee: Dagger            |   119 |   184 |   170 |   496 ||   969
 Cast: Corona            |     8 |       |       |       ||     8
       Ensorcelled Hiber |    39 |    42 |    52 |   180 ||   313
       Confusing Touch   |       |     4 |     9 |    32 ||    45
       Tukima's Dance    |       |       |       |     1 ||     1
Evoke: Wand              |       |       |       |    14 ||    14
       Phial of floods   |       |       |       |     1 ||     1
  Use: Potion            |       |     4 |       |     3 ||     7
       Scroll            |       |       |       |    26 ||    26
 Stab: Sleeping          |    28 |    38 |    50 |   141 ||   257
       Confused          |       |     5 |    10 |    38 ||    53
Armor: Robe              |    17 |    17 |     7 |    15 ||    56
Dodge: Dodged            |   146 |   179 |   137 |   564 ||  1026

Table legend: (Time is in decaauts)
 A = Elapsed time spent in this place.
 B = Non-inter-level travel time spent in this place.
 C = Inter-level travel time spent in this place.
 D = Time resting spent in this place.
 E = Time spent auto-exploring this place.
 F = Levels seen in this place.
 G = Mean time per level.
                   A        B        C        D        E       F      G
               +--------+--------+--------+--------+--------+-----+--------+
         Total |  14852 |  14565 |    287 |   3111 |   8618 |  13 | 1142.5 |
       Dungeon |  14852 |  14565 |    287 |   3111 |   8618 |  13 | 1142.5 |
               +--------+--------+--------+--------+--------+-----+--------+

Top non-repeatable levels by time:
    D:12: 2271 daAuts
     D:1: 1714 daAuts
     D:9: 1395 daAuts
    D:10: 1362 daAuts
     D:5: 1327 daAuts
     D:2: 1229 daAuts
     D:4: 1166 daAuts
    D:11: 1067 daAuts
     D:8: 967 daAuts
     D:3: 949 daAuts
     D:7: 704 daAuts
     D:6: 685 daAuts
    D:13: 9 daAuts
